APL (24 & UNDER)
DETROIT DIRTY SNOW @ KENOSHA KINGFISH
04/29/2030
 
TOP OF THE 1ST
Detroit Dirty Snow batting - Pitching for Kenosha Kingfish : RHP Brian Lovelace
Pitching: RHP Brian Lovelace
Batting: RHB Phil Poole 0-0: SINGLE (Groundball, 56D)
Batting: LHB Al Cramer 0-0: Called Strike
0-1: Called Strike
0-2: Ball
1-2: Ball
2-2: Foul Ball, location: 2F
2-2: Strikes out swinging
Batting: LHB Luis Salazar 0-0: Called Strike
0-1: Ball
1-1: Ball
2-1: Ball
3-1: DOUBLE (Flyball, 8LD)
Phil Poole to third
Batting: RHB Paul Liddle 0-0: Ball
1-0: Foul Ball, location: 2F
1-1: Ball
2-1: SINGLE (Groundball, 56D)
Phil Poole scores
Luis Salazar to third
Runner from 3rd tries for Home, SAFE, no throw
Batting: SHB Víctor Torres 0-0: Ball
1-0: Called Strike
1-1: Swinging Strike
1-2: Ball
2-2: Ground out U3 (Groundball, 23)
Paul Liddle to second
Batting: LHB Lee Jenkins 0-0: Swinging Strike
0-1: Ball
1-1: Ball
2-1: Fly out, F8 (Flyball, 8LXD)
Top of the 1st over - 2 runs, 3 hits, 0 errors, 1 left on base; Detroit 2 - Kenosha 0
BOTTOM OF THE 1ST
Kenosha Kingfish batting - Pitching for Detroit Dirty Snow : RHP Alberto Bustamante
Pitching: RHP Alberto Bustamante
Batting: RHB Armando Arellano 0-0: Called Strike
0-1: SOLO HOME RUN (Flyball, 7D), Distance : 396 ft
Batting: LHB Pat Williams 0-0: Ball
1-0: Called Strike
1-1: Bunt missed!
1-2: Fly out, F7 (Flyball, 78M)
Batting: LHB Juan Rodríguez 0-0: Ball
1-0: Foul Ball, location: 2F
1-1: Called Strike
1-2: Strikes out swinging
Batting: LHB Marvin MacGruder 0-0: Ball
1-0: Called Strike
1-1: Ball
2-1: Ball
3-1: Base on Balls
Batting: RHB Millard Ferguson 0-0: Ball
1-0: Foul Ball, location: 2F
1-1: Ball
2-1: Ground out 4-3 (Groundball, 4)
Bottom of the 1st over - 1 run, 1 hit, 0 errors, 1 left on base; Detroit 2 - Kenosha 1
TOP OF THE 2ND
Detroit Dirty Snow batting - Pitching for Kenosha Kingfish : RHP Brian Lovelace
Batting: RHB José Wills 0-0: Foul Ball, location: 2F
0-1: Foul Ball, location: 2F
0-2: Reached on error, E5 (Groundball, 5)
Batting: RHB Carlos Rocha 0-0: Ball
1-0: Ball
2-0: Ball
3-0: Called Strike
3-1: Called Strike
3-2: Strikes out swinging
Batting: RHB Scott Graves 0-0: Ball
1-0: Grounds into double play, 4-6-3 (Groundball, 4)
Top of the 2nd over - 0 runs, 0 hits, 1 error, 0 left on base; Detroit 2 - Kenosha 1
BOTTOM OF THE 2ND
Kenosha Kingfish batting - Pitching for Detroit Dirty Snow : RHP Alberto Bustamante
Batting: LHB Luis Martínez 0-0: Called Strike
0-1: Foul Ball, location: 2F
0-2: Strikes out swinging
Batting: RHB Vicente Rosales 0-0: Ball
1-0: Fly out, F7 (Flyball, 7LS)
Batting: RHB Jeff Navarro 0-0: Swinging Strike
0-1: Foul Ball, location: 2F
0-2: Strikes out swinging
Bottom of the 2nd over - 0 runs, 0 hits, 0 errors, 0 left on base; Detroit 2 - Kenosha 1
TOP OF THE 3RD
Detroit Dirty Snow batting - Pitching for Kenosha Kingfish : RHP Brian Lovelace
Batting: RHB Phil Poole 0-0: Fly out, F9 (Flyball, 89S)
Batting: LHB Al Cramer 0-0: Ball
1-0: SINGLE (Line Drive, 78S)
Batting: LHB Luis Salazar 0-0: Ball
1-0: Ball
2-0: Fielders Choice at 2nd, 6-4 (Groundball, 6)
Batting: RHB Paul Liddle 0-0: Ball
Luis Salazar steals 2nd base
1-0: Fly out, F3 (Popup, 23F)
Top of the 3rd over - 0 runs, 1 hit, 0 errors, 1 left on base; Detroit 2 - Kenosha 1
BOTTOM OF THE 3RD
Kenosha Kingfish batting - Pitching for Detroit Dirty Snow : RHP Alberto Bustamante
Batting: SHB José Ayala 0-0: SOLO HOME RUN (Flyball, 89XD), Distance : 433 ft
Batting: RHB Armando Arellano 0-0: Ball
1-0: Ball
2-0: Called Strike
2-1: Ball
3-1: Base on Balls
Batting: LHB Pat Williams 0-0: Ball
1-0: Ball
Armando Arellano steals 2nd base
2-0: Ball
3-0: Swinging Strike
3-1: Foul Ball, location: 2F
3-2: Strikes out swinging
Batting: LHB Juan Rodríguez 0-0: Called Strike
Armando Arellano steals 3rd base
0-1: DOUBLE (Line Drive, 9LD)
Armando Arellano scores
Batting: LHB Marvin MacGruder 0-0: Foul Ball, location: 2F
0-1: Called Strike
0-2: 2-RUN HOME RUN (Line Drive, 7LD), Distance : 350 ft
Batting: RHB Millard Ferguson 0-0: Ball
1-0: Ball
2-0: Ball
3-0: Base on Balls
Batting: LHB Luis Martínez 0-0: Ball
1-0: Ball
2-0: Called Strike
2-1: Ball
Wild Pitch!
Millard Ferguson to second
3-1: Foul Ball, location: 2F
3-2: Ground out 3-1 (Groundball, 34)
Millard Ferguson to third
Batting: RHB Vicente Rosales 0-0: Foul Ball, location: 2F
0-1: Swinging Strike
0-2: Ball
1-2: Ball
2-2: Ball
3-2: Foul Ball, location: 2F
3-2: Strikes out looking
Bottom of the 3rd over - 4 runs, 3 hits, 0 errors, 1 left on base; Detroit 2 - Kenosha 5
TOP OF THE 4TH
Detroit Dirty Snow batting - Pitching for Kenosha Kingfish : RHP Brian Lovelace
Batting: SHB Víctor Torres 0-0: Ball
1-0: Called Strike
1-1: Ground out 4-3 (Groundball, 4)
Batting: LHB Lee Jenkins 0-0: Called Strike
0-1: Ball
1-1: Swinging Strike
1-2: Ground out U3 (Groundball, 34)
Batting: RHB José Wills 0-0: Called Strike
0-1: Fly out, F8 (Line Drive, 8RS)
Top of the 4th over - 0 runs, 0 hits, 0 errors, 0 left on base; Detroit 2 - Kenosha 5
BOTTOM OF THE 4TH
Kenosha Kingfish batting - Pitching for Detroit Dirty Snow : RHP Alberto Bustamante
Batting: RHB Jeff Navarro 0-0: Called Strike
0-1: Ball
1-1: Called Strike
1-2: Ball
2-2: Foul Ball, location: 2F
2-2: Strikes out looking
Batting: SHB José Ayala 0-0: Foul Ball, location: 2F
0-1: Ball
1-1: Ball
2-1: Swinging Strike
2-2: Ball
3-2: Base on Balls
Batting: RHB Armando Arellano 0-0: Called Strike
0-1: Ball
1-1: Foul Ball, location: 2F
1-2: DOUBLE (Groundball, 3L)
José Ayala to third
Batting: LHB Pat Williams 0-0: Called Strike
0-1: Ball
1-1: Ball
2-1: Foul Ball, location: 2F
2-2: Strikes out swinging
Batting: LHB Juan Rodríguez 0-0: Fly out, F8 (Line Drive, 8LM)
Bottom of the 4th over - 0 runs, 1 hit, 0 errors, 2 left on base; Detroit 2 - Kenosha 5
TOP OF THE 5TH
Detroit Dirty Snow batting - Pitching for Kenosha Kingfish : RHP Brian Lovelace
Batting: RHB Carlos Rocha 0-0: Ball
1-0: Foul Ball, location: 2F
1-1: Ball
2-1: Ball
3-1: Foul Ball, location: 2F
3-2: Strikes out swinging
Batting: RHB Scott Graves 0-0: Ball
1-0: Called Strike
1-1: Ball
2-1: Ground out 6-3 (Groundball, 6)
Batting: RHB Phil Poole 0-0: Ball
1-0: Foul Ball, location: 2F
1-1: Foul Ball, location: 2F
1-2: Strikes out swinging
Top of the 5th over - 0 runs, 0 hits, 0 errors, 0 left on base; Detroit 2 - Kenosha 5
BOTTOM OF THE 5TH
Kenosha Kingfish batting - Pitching for Detroit Dirty Snow : RHP Alberto Bustamante
Batting: LHB Marvin MacGruder 0-0: Foul Ball, location: 2F
0-1: Foul Ball, location: 2F
0-2: Foul Ball, location: 2F
0-2: Ball
1-2: Ball
2-2: Foul Ball, location: 2F
2-2: Foul Ball, location: 2F
2-2: Fly out, F3 (Popup, 34)
Pitching: RHP Mark Messier
Batting: RHB Millard Ferguson 0-0: Called Strike
0-1: Ball
1-1: Foul Ball, location: 2F
1-2: Strikes out swinging
Batting: LHB Luis Martínez 0-0: Ball
1-0: Ball
2-0: Fly out, F3 (Line Drive, 34)
Bottom of the 5th over - 0 runs, 0 hits, 0 errors, 0 left on base; Detroit 2 - Kenosha 5
TOP OF THE 6TH
Detroit Dirty Snow batting - Pitching for Kenosha Kingfish : RHP Brian Lovelace
Batting: LHB Al Cramer 0-0: Ground out 5-3 (Groundball, 56)
Batting: LHB Luis Salazar 0-0: Ball
1-0: Foul Ball, location: 2F
1-1: Fly out, F7 (Flyball, 78D)
Batting: RHB Paul Liddle 0-0: DOUBLE (Line Drive, 78XD)
Batting: SHB Víctor Torres 0-0: SINGLE (Line Drive, 5D)
Paul Liddle to third
Runner from 3rd tries for Home, SAFE, no throw
Batting: LHB Lee Jenkins 0-0: SINGLE (Groundball, 34D)
Víctor Torres to second
Runner from 2nd tries for 3rd, SAFE, no throw
Batting: RHB José Wills 0-0: Ball
1-0: Foul Ball, location: 2F
1-1: Foul Ball, location: 2F
1-2: Strikes out swinging
Top of the 6th over - 1 run, 3 hits, 0 errors, 2 left on base; Detroit 3 - Kenosha 5
BOTTOM OF THE 6TH
Kenosha Kingfish batting - Pitching for Detroit Dirty Snow : RHP Mark Messier
Batting: RHB Vicente Rosales 0-0: Ball
1-0: Ball
2-0: Ball
3-0: Called Strike
3-1: Called Strike
3-2: Ground out 5-3 (Groundball, 56S)
Batting: RHB Jeff Navarro 0-0: Fly out, F8 (Line Drive, 8LM)
Batting: SHB José Ayala 0-0: Called Strike
0-1: SINGLE (Flyball, 78M)
Batting: RHB Armando Arellano 0-0: Ball
1-0: SINGLE (Line Drive, 4MD)
José Ayala to second
Batting: LHB Pat Williams 0-0: Called Strike
0-1: SINGLE (Line Drive, 56D)
José Ayala to third
Armando Arellano to second
Runner from 3rd tries for Home, throw and OUT!
Bottom of the 6th over - 0 runs, 3 hits, 0 errors, 2 left on base; Detroit 3 - Kenosha 5
TOP OF THE 7TH
Detroit Dirty Snow batting - Pitching for Kenosha Kingfish : RHP Brian Lovelace
Batting: RHB Carlos Rocha 0-0: Ball
1-0: Swinging Strike
1-1: Foul Ball, location: 2F
1-2: Strikes out swinging
Batting: RHB Scott Graves 0-0: Ground out U3 (Groundball, 3)
Batting: RHB Phil Poole 0-0: Called Strike
0-1: Ball
1-1: Foul Ball, location: 2F
1-2: Single, Error in OF, E9, batter to second base
Batting: LHB Al Cramer 0-0: Ball
1-0: Foul Ball, location: 2F
1-1: Ball
2-1: SINGLE (Groundball, 6) (infield hit)
Phil Poole to third
Batting: LHB Luis Salazar 0-0: Ball
Al Cramer is caught stealing 2nd base
Top of the 7th over - 0 runs, 2 hits, 1 error, 1 left on base; Detroit 3 - Kenosha 5
BOTTOM OF THE 7TH
Kenosha Kingfish batting - Pitching for Detroit Dirty Snow : RHP Mark Messier
Batting: LHB Juan Rodríguez 0-0: Swinging Strike
0-1: Called Strike
0-2: Strikes out swinging
Batting: LHB Marvin MacGruder 0-0: Ball
1-0: Foul Ball, location: 2F
1-1: Ball
2-1: Ball
3-1: Swinging Strike
3-2: Fly out, F3 (Line Drive, 3L)
Batting: RHB Millard Ferguson 0-0: Ball
1-0: Called Strike
1-1: Foul Ball, location: 2F
1-2: Foul Ball, location: 2F
1-2: Ball
2-2: Strikes out swinging
Bottom of the 7th over - 0 runs, 0 hits, 0 errors, 0 left on base; Detroit 3 - Kenosha 5
TOP OF THE 8TH
Detroit Dirty Snow batting - Pitching for Kenosha Kingfish : RHP Brian Lovelace
Batting: LHB Luis Salazar 0-0: Ball
1-0: Swinging Strike
1-1: Ball
2-1: Fly out, F2 (Popup, 25F)
Batting: RHB Paul Liddle 0-0: Called Strike
0-1: Ball
1-1: Ball
2-1: Foul Ball, location: 2F
2-2: Ball
3-2: Foul Ball, location: 2F
3-2: SOLO HOME RUN (Flyball, 78XD), Distance : 432 ft
Pitching: RHP Pablo Suárez
Batting: SHB Víctor Torres 0-0: Ball
1-0: Ball
2-0: Called Strike
2-1: Foul Ball, location: 2F
2-2: Ball
3-2: Strikes out swinging
Pitching: LHP Ray McKnight
Batting: LHB Lee Jenkins 0-0: Foul Ball, location: 2F
0-1: Foul Ball, location: 2F
0-2: Fly out, F9 (Flyball, 9S)
Top of the 8th over - 1 run, 1 hit, 0 errors, 0 left on base; Detroit 4 - Kenosha 5
BOTTOM OF THE 8TH
Kenosha Kingfish batting - Pitching for Detroit Dirty Snow : RHP Mark Messier
Batting: LHB Luis Martínez 0-0: Called Strike
0-1: Ball
1-1: Ball
2-1: Ball
3-1: Foul Ball, location: 2F
3-2: SOLO HOME RUN (Flyball, 7D), Distance : 402 ft
Batting: RHB Vicente Rosales 0-0: Ball
1-0: Swinging Strike
1-1: Ball
2-1: Called Strike
2-2: Strikes out swinging
Batting: RHB Jeff Navarro 0-0: Ball
1-0: Ball
2-0: Foul Ball, location: 2F
2-1: Ball
3-1: Swinging Strike
3-2: Strikes out swinging
Batting: SHB José Ayala 0-0: Called Strike
0-1: Called Strike
0-2: Ball
1-2: DOUBLE (Groundball, 5L)
Pitching: LHP Jorge Luna
Batting: RHB Armando Arellano 0-0: SINGLE (Line Drive, 8RS)
José Ayala to third
Runner from 3rd tries for Home, SAFE, no throw
Batting: LHB Pat Williams 0-0: Ball
1-0: Called Strike
1-1: Foul Ball, location: 2F
1-2: SINGLE (Groundball, 56D)
Armando Arellano to second
Batting: LHB Juan Rodríguez 0-0: DOUBLE (Line Drive, 89D)
Armando Arellano scores
Pat Williams to third
Batting: LHB Marvin MacGruder 0-0: Foul Ball, location: 2F
0-1: Fly out, F8 (Flyball, 8LXD)
Bottom of the 8th over - 3 runs, 5 hits, 0 errors, 2 left on base; Detroit 4 - Kenosha 8
TOP OF THE 9TH
Detroit Dirty Snow batting - Pitching for Kenosha Kingfish : LHP Ray McKnight
Pitching: LHP Víctor Morales
Batting: RHB José Wills 0-0: Called Strike
0-1: Ball
1-1: Called Strike
1-2: Strikes out looking
Batting: RHB Carlos Rocha 0-0: Ball
1-0: Called Strike
1-1: Ball
2-1: Foul Ball, location: 2F
2-2: Strikes out looking
Batting: RHB Scott Graves 0-0: Called Strike
0-1: Called Strike
0-2: Strikes out swinging
Top of the 9th over - 0 runs, 0 hits, 0 errors, 0 left on base; Detroit 4 - Kenosha 8
Saturday, April 7th, 2018 - OOTP Baseball 18.8 Build 76